 Dungeon Crawl Stone Soup version 0.31.0-11-ge490571c62 (webtiles) character file.

Game seed: 34633991065060583

654 Arcadio the Chopper (level 7, -2/64 HPs)
             Began as a Hill Orc Monk on Jan 26, 2024.
             Slain by a gnoll sergeant
             ... wielding a +2 spear of freezing
              (8 damage)
             ... on level 5 of the Dungeon.
             The game lasted 00:07:14 (3444 turns).

Arcadio the Chopper (Hill Orc Monk)                 Turns: 3444, Time: 00:07:15

Health: -2/64      AC:  7    Str: 16    XL:     7   Next: 54%
Magic:  7/7        EV: 11    Int: 10    God:
Gold:   213        SH:  0    Dex: 13    Spells: 6/6 levels left

rFire   . . .        a - +0 war axe
rCold   . . .        d - orb {light}
rNeg    . . .        y - +0 ring mail
rPois   .            (no helmet)
rElec   .            (no cloak)
rCorr   .            h - +0 pair of gloves
SInv    .            (no boots)
Will    .....        (no amulet)
Stlth   +            (no ring)
HPRegen 0.30/turn    (no ring)
MPRegen 0.10/turn

%: no passive effects
@: glowing
A: no striking features
a: no special abilities


You were on level 5 of the Dungeon.
You visited 1 branch of the dungeon, and saw 5 of its levels.

You collected 213 gold pieces.

Inventory:

Hand Weapons
 a - a +0 war axe (weapon)
 b - the +4 sling of Valour {heavy, rF+ rC+ Dex+3}
   (You found it on level 2 of the Dungeon)

   Dex+3:     It affects your dexterity (+3).
   rF+:       It protects you from fire.
   rC+:       It protects you from cold.
 q - a +0 sling of draining
 B - a +0 hand axe
Missiles
 z - a throwing net
Armour
 d - an orb of light (worn)
 g - a +0 robe
 h - a +0 pair of gloves (worn)
 m - a +0 buckler
 t - a +0 leather armour
 y - a +0 ring mail (worn)
Jewellery
 x - a ring of resist corrosion
Wands
 k - a wand of light (6)
Scrolls
 f - 2 scrolls of revelation
 i - a scroll of amnesia {unknown}
 j - a scroll of blinking {unknown}
 n - 2 scrolls of teleportation {unknown}
 s - a scroll of poison {unknown}
 u - a scroll of brand weapon {unknown}
 w - a scroll of fog {unknown}
Potions
 c - a potion of ambrosia
 l - a potion of attraction
 o - a potion of berserk rage {unknown}
 p - a potion of might {unknown}
 v - a potion of brilliance {unknown}
 A - a potion of enlightenment
 C - a potion of mutation {unknown}
 D - a potion of curing {unknown}


   Skills:
 + Level 6.6 Fighting
 + Level 7.2 Axes
 + Level 4.7 Armour
 - Level 2.4 Dodging


You had 6 spell levels left.
You didn't know any spells.
Your spell library contained the following spells:

 Spells                   Type           Power      Damage    Failure   Level
 Kiss of Death            Conj/Necr      0%         2d5       56%         1
 Confusing Touch          Hex            0%         N/A       90%         3
 Tukima's Dance           Hex            0%         N/A       90%         3
 Dimensional Bullseye     Hex/Tloc       0%         N/A       100%        4
 Dispel Undead            Necr           0%         3d6       100%        4
 Iskenderun's Mystic Bla  Conj/Tloc      0%         2d3       100%        4


Dungeon Overview and Level Annotations

Branches:
Dungeon (5/15)
 Temple: D:4-7

Altars:
Kikubaaqudgha
Sif Muna


Message History

You kill the iguana!
You hit the gnoll.
The gnoll is heavily wounded.
The gnoll hits you but does no damage. The gnoll misses you.
You hit the gnoll.
The gnoll is heavily wounded.
The gnoll hits you with a +0 club. The gnoll sergeant closely misses you.
You barely miss the gnoll.
The gnoll is heavily wounded.
The gnoll hits you with a +0 club.
A gnoll comes into view. It is wielding a +0 club.
The gnoll sergeant hits you from afar with a +2 spear of freezing.
The gnoll sergeant freezes you.
* * * LOW HITPOINT WARNING * * *
You feel much better.
The gnoll shouts!
The gnoll closely misses you.
The gnoll sergeant completely misses you.
You hit the gnoll but do no damage.
The gnoll is heavily wounded.
The gnoll hits you but does no damage. The gnoll sergeant closely misses you.
You slash the gnoll!
You kill the gnoll!
The gnoll sergeant barely misses you.
The gnoll sergeant hits you but does no damage.
Things that are here:
a +0 club; a gnoll corpse You hit the gnoll sergeant but do no damage.
The gnoll sergeant hits you with a +2 spear of freezing!
The gnoll sergeant freezes you.
You hit the gnoll sergeant.
The gnoll sergeant is moderately wounded.
The gnoll sergeant hits you with a +2 spear of freezing!
* * * LOW HITPOINT WARNING * * *
The gnoll sergeant freezes you.
* * * LOW HITPOINT WARNING * * *
You slash the gnoll sergeant!
The gnoll sergeant is heavily wounded.
The gnoll sergeant hits you with a +2 spear of freezing!
You die...

**,,,****** *,*,,,,∩,,,
*********,** *,*,,*,,,,,
,,,,,,,,,,* *,*,,,,,*,,
,********** *,*,,,,,,,, ,*
*,*,***,,*, ,*
#####*gh..**,,,, ,*
#...,,)...,,,,,, ,*
*****##########g#**.gg>,****,,
,* *,,,,........@gg# *..#,#*
*,* ,*
*,***##########g###..#.# *,*
.###.# #..>.....# *,* .###.#
##g....##* *,* .###.# #..##.#
*,* .###.# #..#*,# ***,*
.....# #..#*,* *,,,* ######
#..#*,* *,*** ###### #..#*,#
*,*


You could see a gnoll sergeant and 3 gnolls.

Vanquished Creatures
  A black bear (D:5)
  An ogre (D:3)
  3 bombardier beetles (D:4)
  A hound (D:4)
  A jelly (D:3)
  2 orc priests (D:4)
  An iguana (D:5)
  2 orc wizards
  5 gnolls
  4 adders
  3 ribbon worms
  9 orcs
  13 bats
  7 endoplasms
  3 giant cockroaches
  7 goblins
  5 hobgoblins
  4 jackals (D:1)
  5 kobolds
  A quokka (D:1)
  4 frilled lizards (D:1)
  5 rats
87 creatures vanquished.

Notes
Turn   | Place    | Note
-------+----------+-------------------------------------------
     0 | D:1      | Arcadio the Hill Orc Monk began the quest for the Orb.
     0 | D:1      | Reached XP level 1. HP: 19/19 MP: 1/1
   159 | D:1      | Reached XP level 2. HP: 20/27 MP: 2/2
   348 | D:1      | Reached skill level 1 in Armour
   559 | D:1      | Reached XP level 3. HP: 32/33 MP: 3/3
  1082 | D:2      | Identified the +4 sling of Valour {heavy, rF+ rC+ Dex+3}
  1369 | D:3      | Found an ancient bone altar of Kikubaaqudgha.
  1407 | D:3      | Noticed an ogre
  1413 | D:3      | Killed an ogre
  1414 | D:3      | Reached skill level 5 in Axes
  1414 | D:3      | Reached XP level 4. HP: 38/41 MP: 4/4
  1414 | D:3      | Reached XP level 5. HP: 44/47 MP: 5/5
  1447 | D:3      | Reached skill level 5 in Fighting
  2081 | D:3      | Reached XP level 6. HP: 56/56 MP: 6/6
  2486 | D:4      | Reached skill level 6 in Axes
  2981 | D:4      | Found a shimmering blue altar of Sif Muna.
  3078 | D:4      | Reached XP level 7. HP: 58/63 MP: 7/7
  3376 | D:5      | Entered Level 5 of the Dungeon
  3404 | D:5      | Reached skill level 7 in Axes
  3444 | D:5      | Slain by a gnoll sergeant

Illustrated notes

Levels and vault maps discovered:
D:1:      dpeg_arrival_line_fractal, layout_basic
D:2:      layout_basic
D:3:      minmay_chambers_of_twos, layout_basic, mainiacjoe_overflow_boulevard,
          minmay_parallelograms, roderic_batcave
D:4:      layout_loops_cross, kennysheep_orc_sif_temple
D:5:      layout_loops_ring, zin_angel, nicolae_ossuary_entry_ruins

Skill      XL: |  1  2  3  4  5  6  7 |
---------------+----------------------+-----
Armour         | 1 2 3 4 |  4.7
Fighting       | 4 5 6 |  6.6
Axes           | 5 6 7 |  7.2
Dodging        | |  2.4

Action                     |  1- 3 |  4- 6 |  7- 9 || total
---------------------------+-------+-------+-------++-------
  Melee: Hand axe          |    81 |       |       ||    81
         Sling             |       |     2 |       ||     2
         War axe           |       |       |    13 ||    13
   Fire: Sling             |    12 |   101 |    26 ||   139
    Use: Scroll            |     1 |     2 |     2 ||     5
         Potion            |       |       |     1 ||     1
 Armour: Robe              |    40 |    27 |       ||    67
         Leather armour    |       |    37 |       ||    37
         Ring mail         |       |     5 |    46 ||    51
  Dodge: Dodged            |    59 |    81 |    32 ||   172
